 Dungeon Crawl Stone Soup version 0.29.0-13-gc9e81de378 (webtiles) character file.

Game seed: 10470495296129277055

125 Artool the Cudgeller (level 4, -2/35 HPs)
             Began as a Demonspawn Gladiator on Sept 8, 2022.
             Slain by an orc
             ... wielding a +0 dagger of venom
              (3 damage)
             ... on level 3 of the Dungeon.
             The game lasted 00:03:06 (1888 turns).

Artool the Cudgeller (Demonspawn Gladiator)         Turns: 1888, Time: 00:03:07

Health: -2/35      AC: 11    Str: 16    XL:     4   Next: 82%
Magic:  4/4        EV:  7    Int: 10    God:
Gold:   113        SH:  0    Dex: 14    Spells: 3/3 levels left

rFire   . . .      SeeInvis .   a - +0 flail
rCold   . . .      Faith    .   (no shield)
rNeg    . . .      Spirit   .   o - +0 chain mail
rPois   .          Reflect  .   c - +0 helmet
rElec   .          Harm     .   n - +0 cloak
rCorr   .          Rampage  .   (no gloves)
Will    +....                   j - +0 pair of boots
Stlth   ..........              (no amulet)
HPRegen 0.11/turn               g - ring of willpower
MPRegen 0.09/turn               (no ring)

@: no status effects
A: hooves 1, powered by death 1
a: no special abilities


You were on level 3 of the Dungeon.
You visited 1 branch of the dungeon, and saw 3 of its levels.

You collected 113 gold pieces.

Inventory:

Hand Weapons
 a - a +0 flail (weapon)
Missiles
 d - 3 throwing nets (quivered)
 e - a javelin
Armour
 b - a +0 leather armour
 c - a +0 helmet (worn)
 j - a +0 pair of boots (worn)
 n - a +0 cloak (worn)
 o - a +0 chain mail (worn)
Jewellery
 g - a ring of willpower (left hand)
 h - a ring of fire
 k - a ring of protection from fire
 r - an amulet of regeneration
Scrolls
 f - 4 scrolls of identify {unknown}
 i - a scroll of teleportation {unknown}
 l - a scroll of enchant weapon {unknown}
 m - a scroll of noise {unknown}
 u - a scroll of immolation {unknown}
Potions
 p - 3 potions of degeneration {unknown}
 q - a potion of haste {unknown}
 s - a potion of might {unknown}
 t - a potion of mutation {unknown}


   Skills:
 + Level 3.1 Fighting
 + Level 3.4 Maces & Flails
 - Level 1.7 Throwing
 + Level 1.7 Armour
 + Level 3.4 Dodging


You had 3 spell levels left.
You didn't know any spells.
Your spell library was empty.

Dungeon Overview and Level Annotations

Branches:
Dungeon (3/15)

Altars:


Innate Abilities, Weirdness & Mutations

You have large cloven feet.
You regenerate a little health from kills.


Message History

* * * LOW HITPOINT WARNING * * *
Something hits you but does no damage.
You miss something. Something hits you but does no damage.
You miss something.
The orc priest hits you but does no damage.
Something hits you but does no damage. The orc hits you but does no damage.
Unknown command.
You hit something.
The orc priest calls down the wrath of Beogh upon you.
Pain shoots through your body!
* * * LOW HITPOINT WARNING * * *
Something hits you but does no damage. The orc hits you but does no damage.
Unknown command.
You barely miss something. The orc priest completely misses you.
Something hits you but does no damage. The orc hits you but does no damage.
The orc priest barely misses you. Something hits you but does no damage.
The orc hits you but does no damage.
You closely miss something.
The orc priest looks encouraged for a moment.
Something hits you but does no damage. The orc hits you but does no damage.
Unknown command.
You sock the orc priest!
You kill the orc priest!
Something hits you but does no damage. The orc barely misses you.
Your Fighting skill increases to level 3!
Something hits you but does no damage.
Things that are here:
a +0 trident; a scroll labelled HUAPYR YSS; 7 gold pieces You hit the orc.
The orc is severely wounded.
The orc hits you but does no damage. Something hits you but does no damage.
You barely miss the orc.
The orc is severely wounded.
The orc barely misses you. Something hits you but does no damage.
The orc hits you with a +0 dagger.
* * * LOW HITPOINT WARNING * * *
The goblin hits you but does no damage. The orc hits you with a +0 dagger.
* * * LOW HITPOINT WARNING * * *
The orc hits you with a +0 dagger of venom.
You die...

#..........'...#. #.
#.##.......#..... #..
#.##.......#..... ...
#..........#..... #.#
##.##......#..... #...
#..##......#.....
#'#.#w##.###......#.....
.....Soo................
....#.{@####............
. +.g.# ....... #####
.#####.


You could see an adder, a dart slug, 2 orcs and a goblin.

Vanquished Creatures
  An orc priest (D:3)
  3 adders
  A gnoll (D:1)
  3 dart slugs
  4 orcs (D:3)
  4 bats
  An endoplasm (D:1)
  3 giant cockroaches
  4 goblins
  3 hobgoblins (D:2)
  2 jackals (D:1)
  A kobold (D:2)
  3 quokkas (D:2)
  6 ball pythons
  2 frilled lizards
  5 rats
46 creatures vanquished.

Notes
Turn   | Place    | Note
-------+----------+-------------------------------------------
     0 | D:1      | Artool the Demonspawn Gladiator began the quest for the
                  | Orb.
     0 | D:1      | Reached XP level 1. HP: 16/16 MP: 1/1
   108 | D:1      | Gained mutation: You regenerate a little health from kills.
                  | [demonic ancestry]
   108 | D:1      | Reached XP level 2. HP: 11/22 MP: 2/2
   692 | D:1      | Found a faded altar of an unknown god.
   795 | D:1      | Reached skill level 1 in Armour
   930 | D:1      | Reached XP level 3. HP: 27/28 MP: 3/3
  1506 | D:3      | Gained mutation: You have large cloven feet. [demonic
                  | ancestry]
  1506 | D:3      | Reached XP level 4. HP: 22/34 MP: 4/4
  1888 | D:3      | HP: 1/35 [orc/+0 dagger (1)]
  1888 | D:3      | Slain by an orc

Illustrated notes

Levels and vault maps discovered:
D:1:      minmay_arrival_cross, layout_basic, ebering_ecumenical_altar_rust
D:2:      layout_basic
D:3:      layout_basic, uniq_terence

Skill      XL: |  1  2  3  4 |
---------------+-------------+-----
Dodging        | 3 |  3.4
Maces & Flails | 3 |  3.4
Armour         | 1 |  1.7
Fighting       | 3 |  3.1
Throwing       | |  1.7

Action                   |  1- 3 |  4- 6 || total
-------------------------+-------+-------++-------
Melee: Flail             |   104 |    48 ||   152
       Punch             |     2 |       ||     2
Armor: Leather armour    |    20 |       ||    20
       Chain mail        |    53 |    61 ||   114
Dodge: Dodged            |    78 |    19 ||    97
